 Dungeon Crawl Stone Soup version 0.21-a0-84-g85d6d27 (webtiles) character file.

1727 Axe the Cudgeler (level 8, -4/62 HPs)
             Began as a Mummy Fighter on June 28, 2017.
             Slain by Pikel
             ... wielding a +0 whip of electrocution
              (18 damage)
             ... on level 6 of the Dungeon.
             The game lasted 00:13:39 (6095 turns).

Axe the Cudgeler (Mummy Fighter)                    Turns: 6095, Time: 00:13:39

Health: -4/62      AC: 17    Str: 19    XL:     8   Next: 75%
Magic:  8/8        EV:  1    Int:  7    God:
Gold:   190        SH: 16    Dex: 14    Spells: 7/7 levels left

rFire    x . .     SeeInvis .   t - +3 mace
rCold    + . .     Gourm    .   d - +2 large shield
rNeg     + + +     Faith    .   x - +0 plate armour
rPois    ∞         Spirit   .   (no helmet)
rElec    .         Reflect  .   u - +1 cloak {MR+}
rCorr    .         Harm     .   j - +2 pair of gloves
MR       +++..                  (no boots)
Stlth    ..........             (no amulet)
HPRegen  0.20/turn              e - ring of protection from magic
MPRegen  0.11/turn              (no ring)

@: no status effects
A: no food or potions, fire vulnerability, cold resistance 1, negative energy
resistance 3, torment resistance, unbreathing
a: no special abilities


You were on level 6 of the Dungeon.
You were not hungry.

You visited 1 branch of the dungeon, and saw 7 of its levels.

You collected 245 gold pieces.
You spent 55 gold pieces at shops.

Inventory:

Hand Weapons
 t - a +3 mace (weapon)
Missiles
 a - 2 javelins of penetration (quivered)
Armour
 c - a +0 shield
 d - a +2 large shield (worn)
 j - a +2 pair of gloves (worn)
 u - a +1 cloak of magic resistance (worn)
 x - a +0 plate armour (worn)
Jewellery
 e - a ring of protection from magic (left hand)
 i - an uncursed amulet of rage {unknown}
Wands
 b - a wand of acid (0/15)
 k - a wand of flame (18/48)
 n - a wand of confusion (18/48)
 r - a wand of lightning (0/15)
 w - a wand of lightning (0/15)
Scrolls
 f - 2 scrolls of teleportation
 g - 5 scrolls of identify
 h - 2 scrolls of magic mapping
 l - a scroll of remove curse
 m - 2 scrolls of enchant armour
 o - a scroll of noise
 v - a scroll of enchant weapon {unknown}
Books
 q - a book of Conjurations

   Spells                             Type                      Level
   a - Magic Dart                     Conjuration                  1
   b - Searing Ray                    Conjuration                  2
   c - Dazzling Spray                 Conjuration/Hexes            3
   d - Fulminant Prism                Conjuration/Hexes            4
   e - Force Lance                    Conjuration/Translocation    4
   f - Iskenderun's Mystic Blast      Conjuration                  4


   Skills:
 - Level 5.2 Fighting
 * Level 7.2 Maces & Flails
 + Level 4.3 Armour
 + Level 4.2 Shields


You had 7 spell levels left.
You didn't know any spells.

Dungeon Overview and Level Annotations

Branches:
Dungeon (7/15)
 Temple: D:4-7

Altars:
Cheibriados
Qazlal
Ru
Sif Muna
Vehumet
Yredelemnul

Shops:
D:6 *(!%

Annotations:
D:6 Pikel


Innate Abilities, Weirdness & Mutations

You do not eat or drink.
Your flesh is vulnerable to fire.
You are immune to poison.
Your flesh is cold resistant. (rC+)
You are immune to negative energy. (rN+++)
You are immune to unholy pain and torment.
You can survive without breathing.


Message History

The slave hits you but does no damage.
Your plate armour prevents you from hitting Pikel.
Pikel is lightly wounded.
You block the slave's attack. Pikel hits you but does no damage.
You are electrocuted!
The slave hits you but does no damage.
You miss Pikel.
Pikel is lightly wounded.
The slave hits you. Pikel hits you but does no damage.
You are electrocuted!
* * * LOW HITPOINT WARNING * * *
You block the slave's attack.
Unknown command.
As you read the scroll labeled NEAGODGHAUG, it crumbles to dust.
You hear a crunching sound.
It was a scroll of random uselessness.
The slave hits you but does no damage. Pikel hits you but does no damage.
You block the slave's attack.
As you read the scroll labeled KUAVEOMIBOE, it crumbles to dust.
The creatures around you are filled with an inner flame!
It was a scroll of immolation.
You block the slave's attack. Pikel hits you but does no damage.
You are electrocuted!
You die...

##.##########..#######
#..<.................
##..........#.#∩.∩##.#
#...........#.#...#..#
############.#####.###...#∩.∩.∩##
.............................###
###..######..#####.......########
# ##.......!######....#.........#
# #..########.p@K....#########.#
####..#######..##p....## ###.#
............#≈.........# #.[.#
......#####.#≈≈....###.### #.###
.####.!.###.#8≈....# #...# #.# .#
###.....#≈≈.##.# ###.####.#
########[...#≈..##.# #...##.###
.......<).###..###.# ###......>
########.......###.# ####.###


You could see Pikel (inner flame) and 2 slaves.

Vanquished Creatures
  Duvessa (D:4)
  An orc warrior (D:6)
  A phantom (D:4)
  2 ogres
  A black bear (D:6)
  A centaur (D:6)
  A bullfrog (D:3)
  Blork the orc (D:4)
  Dowan (D:4)
  2 killer bees (D:7)
  3 howler monkeys
  A crimson imp (D:5)
  4 hounds
  Crazy Yiuf (D:4)
  An orc priest (D:6)
  Ijyb (D:4)
  3 iguanas
  2 orc wizards
  3 worker ants
  2 hound skeletons
  A worker ant zombie (D:7)
  13 adders
  2 gnolls (D:2)
  2 shadow imps
  2 oozes
  An adder skeleton (D:4)
  A dart slug (D:3)
  3 worms
  6 leopard geckos
  10 orcs
  9 bats
  3 giant cockroaches
  2 gnoll zombies (D:6)
  11 hobgoblins
  8 jackals
  A quokka (D:6)
  4 frilled lizards
  7 goblins
  6 kobolds
  A leopard gecko skeleton (D:4)
  A leopard gecko zombie (D:6)
  A quokka zombie (D:6)
  8 rats
136 creatures vanquished.

Notes
Turn   | Place    | Note
-------+----------+-------------------------------------------
     0 | D:1      | Axe the Mummy Fighter began the quest for the Orb.
     0 | D:1      | Reached XP level 1. HP: 18/18 MP: 1/1
    52 | D:1      | Reached skill level 2 in Maces & Flails
    60 | D:1      | Reached XP level 2. HP: 17/24 MP: 2/2
   421 | D:2      | Reached XP level 3. HP: 28/29 MP: 3/3
   481 | D:2      | Found a radiant altar of Vehumet.
   511 | D:2      | Reached skill level 3 in Maces & Flails
   638 | D:2      | Reached XP level 4. HP: 30/37 MP: 4/4
  1424 | D:3      | Reached XP level 5. HP: 39/42 MP: 5/5
  1773 | D:3      | Found a snail-covered altar of Cheibriados.
  2072 | D:3      | Reached skill level 4 in Maces & Flails
  2191 | D:3      | Reached XP level 6. HP: 46/49 MP: 6/6
  2517 | D:4      | Found a stormy altar of Qazlal.
  2528 | D:4      | Noticed Blork the orc
  2535 | D:4      | Killed Blork the orc
  2535 | D:4      | Reached skill level 5 in Fighting
  2574 | D:4      | Noticed Ijyb
  2929 | D:4      | Killed Ijyb
  2929 | D:4      | Reached skill level 5 in Maces & Flails
  3288 | D:4      | Reached XP level 7. HP: 39/56 MP: 7/7
  3447 | D:4      | Noticed Duvessa
  3482 | D:4      | Killed Duvessa
  3498 | D:4      | Noticed Dowan
  3521 | D:4      | Killed Dowan
  3838 | D:4      | Found a runed door.
  3844 | D:4      | Noticed Crazy Yiuf
  3853 | D:4      | Killed Crazy Yiuf
  4118 | D:5      | Entered Level 5 of the Dungeon
  4127 | D:5      | Found a sacrificial altar of Ru.
  4330 | D:5      | Found a deep blue altar of Sif Muna.
  4903 | D:5      | Reached skill level 6 in Maces & Flails
  5142 | D:5      | Reached XP level 8. HP: 62/62 MP: 8/8
  5357 | D:6      | Found Plog's Distillery.
  5357 | D:6      | Found Ovohungamm's Food Emporium.
  5440 | D:6      | Found a basalt altar of Yredelemnul.
  5643 | D:6      | Found Ynyixan's Weapon Shoppe.
  5720 | D:6      | Found Jaogunolel's General Store.
  5731 | D:6      | Bought a scroll of identify for 20 gold pieces
  5731 | D:6      | Bought a scroll of magic mapping for 35 gold pieces
  5826 | D:7      | Reached skill level 7 in Maces & Flails
  5847 | D:7      | Noticed Pikel
  6095 | D:6      | Slain by Pikel

Vault maps used:
D:1:      tarquinn_simple_flora_water_d
D:2:      vehumet_crystals, first_bread
D:3:      kb_forest_paths, cheibriados_altar_1
D:4:      grunt_qazlal_clouds, uniq_duvessa, uniq_blork_the_orc, uniq_ijyb,
          uniq_crazy_yiuf_cottage
D:5:      kennysheep_mini, nicolae_ru_awakened_eye
D:6:      lemuel_zombie_altar_yredelemnul, serial_shops, shop, shop_statue,
          nicolae_shop_competitors_out_of_business, kennysheep_little_box,
          moated_statue
D:7:      minmay_temple_entry_enclosed_plants, uniq_joseph, uniq_pikel

Skill      XL: |  1  2  3  4  5  6  7  8 |
---------------+-------------------------+-----
Maces & Flails | 2 3 4 5 6 7 |  7.2
Fighting       | 4 5 |  5.2
Armour         | 3 4 |  4.3
Shields        | 3 4 |  4.2

Action                   |  1- 3 |  4- 6 |  7- 9 || total
-------------------------+-------+-------+-------++-------
Melee: Flail             |    54 |       |       ||    54
       Mace              |    50 |   266 |   241 ||   557
Throw: Javelin           |       |       |     6 ||     6
Evoke: Wand              |       |     3 |    10 ||    13
  Use: Scroll            |       |       |     9 ||     9
 Stab: Confused          |       |       |     1 ||     1
       Distracted        |       |       |     1 ||     1
Armor: Scale mail        |    43 |    90 |       ||   133
       Chain mail        |       |    13 |    80 ||    93
       Plate armour      |       |       |    50 ||    50
Dodge: Dodged            |    20 |    28 |    22 ||    70
Block: Shield            |    10 |       |       ||    10
       Large shield      |    59 |   198 |   251 ||   508
